 Dungeon Crawl Stone Soup version 0.30-a0-918-g0ff054e9dc (webtiles) character file.

Game seed: 15481032852158249267

9 jasper the Charlatan (level 2, 0/20 HPs)
             Began as a Demonspawn Wanderer on Mar 20, 2023.
             Slain by a jackal (2 damage)
             ... on level 1 of the Dungeon.
             The game lasted 00:01:12 (158 turns).

jasper the Charlatan (Demonspawn Wanderer)           Turns: 158, Time: 00:01:13

Health: 0/20       AC:  3    Str:  8    XL:     2   Next: 6%
Magic:  2/5        EV: 11    Int: 15    God:
Gold:   0          SH:  0    Dex: 14    Spells: 4/5 levels left

rFire   . . .      SeeInvis .      - Unarmed
rCold   . . .      Faith    .    (no shield)
rNeg    . . .      Spirit   .    c - +0 robe
rPois   .          Reflect  .    (no helmet)
rElec   .          Rampage  .    (no cloak)
rCorr   .                        (no gloves)
Will    .....                    (no boots)
Stlth   +                        (no amulet)
HPRegen 0.23/turn                (no ring)
MPRegen 0.09/turn                (no ring)

@: no status effects
A: rugged brown scales 1
a: no special abilities


You were on level 1 of the Dungeon.
You visited 1 branch of the dungeon, and saw 1 of its levels.

Inventory:

Hand Weapons
 a - a +0 dagger
Armour
 c - a +0 robe (worn)
Potions
 b - a potion of attraction


   Skills:
 + Level 0.6 Fighting
 - Level 1.0 Armour
 + Level 0.5 Dodging
 * Level 1.0 Unarmed Combat
 - Level 2.0 Spellcasting
 - Level 1.1 Necromancy
 - Level 2.6 Fire Magic
 - Level 3.0 Evocations


You had 4 spell levels left.
You knew the following spells:

 Your Spells              Type           Power      Damage    Failure   Level
a - Foxfire               Conj/Fire      20%        2x1d5     13%         1

Your spell library contained the following spells:

 Spells                   Type           Power      Damage    Failure   Level
 Kiss of Death            Conj/Necr      12%        2d6       19%         1
 Inner Flame              Hex/Fire       5%         N/A       36%         3
 Vampiric Draining        Necr           4%         2d6       38%         3
 Flame Wave               Conj/Fire      5%         2d5       77%         4


Dungeon Overview and Level Annotations

Branches:
Dungeon (1/15)

Altars:


Innate Abilities, Weirdness & Mutations

You are partially covered in rugged brown scales. (AC +1, +3% HP)


Message History

You hit the jackal but do no damage.
The jackal is heavily wounded.
The jackal misses you. The jackal completely misses you.
The jackal bites you but does no damage.
The jackal bites you.
* * * LOW HITPOINT WARNING * * *
You take 1 damage, and have 4/20 hp.
You barely miss the jackal.
The jackal is heavily wounded.
The jackal bites you but does no damage.
The jackal barely misses you.
You closely miss the jackal.
The jackal is heavily wounded.
The jackal bites you but does no damage.
The jackal completely misses you.
You miss the jackal.
The jackal is heavily wounded.
The jackal bites you but does no damage.
The jackal bites you.
* * * LOW HITPOINT WARNING * * *
The jackal barely misses you. x2
You take 2 damage, and have 3/20 hp.
You hit the jackal.
The jackal is severely wounded.
The jackal barely misses you. The jackal misses you.
You closely miss the jackal.
The jackal is severely wounded.
The jackal closely misses you. The jackal barely misses you.
The jackal bites you but does no damage.
You hit the jackal.
The jackal is almost dead.
The jackal barely misses you.
The jackal bites you but does no damage.
The jackal bites you.
* * * LOW HITPOINT WARNING * * *
You take 2 damage, and have 2/20 hp.
You closely miss the jackal.
The jackal is almost dead.
The jackal barely misses you. The jackal bites you.
You die...

..#####..
........##
#....)###########
#.....#.........#
#.....h.#.#####.
#.....#.#h#
#.....#.#.#
#######.#.#####
#......h@#
##.#####h#
#.......#
#.##).### #####.#
. ######....# .
#.........# .#
##....†##..# ..
##......##..#


You could see 2 jackals.

Vanquished Creatures
  6 jackals (D:1)
  A kobold (D:1)
7 creatures vanquished.

Vanquished Creatures (others)
  10 foxfires (D:1)
10 creatures vanquished.

Grand Total: 17 creatures vanquished

Notes
Turn   | Place    | Note
-------+----------+-------------------------------------------
     0 | D:1      | jasper the Demonspawn Wanderer began the quest for the Orb.
     0 | D:1      | jasper set off with the following items: a +0 dagger, a
                  | potion of attraction, a +0 robe, a wand of flame (6); and
                  | the following spells available to memorise: Foxfire, Kiss
                  | of Death, Inner Flame, Vampiric Draining, Flame Wave.
     0 | D:1      | Reached XP level 1. HP: 13/13 MP: 3/3
     2 | D:1      | Learned a level 1 spell: Foxfire
   112 | D:1      | Reached skill level 1 in Unarmed Combat
   112 | D:1      | Gained mutation: You are partially covered in rugged brown
                  | scales. (AC +1, +3% HP) [demonic ancestry]
   112 | D:1      | Reached XP level 2. HP: 14/20 MP: 1/5
   158 | D:1      | Slain by a jackal

Illustrated notes

Levels and vault maps discovered:
D:1:      amcnicky_arrival_wind_blow, layout_basic,
          chequers_ecumenical_altar_lobes

Skill      XL: |  1 |
---------------+----+-----
Unarmed Combat | 1 |  1.0
Fighting       | |  0.6
Armour         | |  1.0
Dodging        | |  0.5
Spellcasting   | |  2.0
Necromancy     | |  1.1
Fire Magic     | |  2.6
Evocations     | |  3.0

Action                     || total
---------------------------++-------
  Melee: Dagger            ||     3
         Unarmed           ||    29
         Punch             ||     1
   Cast: Foxfire           ||     9
  Evoke: Wand              ||     6
 Armour: Robe              ||    21
  Dodge: Dodged            ||    47

Table legend: (Time is in decaauts)
 A = Elapsed time spent in this place.
 B = Non-inter-level travel time spent in this place.
 C = Inter-level travel time spent in this place.
 D = Time resting spent in this place.
 E = Time spent auto-exploring this place.
 F = Levels seen in this place.
 G = Mean time per level.
                   A        B        C        D        E       F      G
               +--------+--------+--------+--------+--------+-----+--------+
         Total |    157 |    157 |      0 |     44 |     34 |   1 |  157.0 |
       Dungeon |    157 |    157 |      0 |     44 |     34 |   1 |  157.0 |
               +--------+--------+--------+--------+--------+-----+--------+

Top non-repeatable levels by time:
     D:1: 157 daAuts
